 Dungeon Crawl Stone Soup version 0.31-a0-237-g2d982f9f85 (webtiles) character file.

Game seed: 11143538194709151565

53 qw the Shooter (level 3, -1/21 HPs)
             Began as a Gargoyle Hexslinger on July 11, 2023.
             Slain by a cerulean imp
             ... wielding a +0 spear
             ... summoned by Natasha
              (2 damage)
             ... on level 3 of the Dungeon.
             The game lasted 00:00:31 (1456 turns).

qw the Shooter (Gargoyle Hexslinger)                Turns: 1456, Time: 00:00:31

Health: -1/21      AC:  8    Str: 11    XL:     3   Next: 87%
Magic:  4/4        EV:  7    Int: 13    God:
Gold:   98         SH:  0    Dex: 14    Spells: 3/4 levels left

rFire   . . .        Y - +1 sling
rCold   . . .        (no shield)
rNeg    + . .        e - +0 ring mail
rPois   inf          (no helmet)
rElec   +            (no cloak)
rCorr   .            (no gloves)
SInv    .            (no boots)
Will    .....        k - amulet of faith
Stlth   +            (no ring)
HPRegen 0.23/turn    (no ring)
MPRegen 0.09/turn

%: faith
@: slowed, constricted, very slow
A: sickness immunity, AC +3, negative energy resistance 1, electricity
resistance, torment resistance 1, petrification resistance
a: no special abilities


You were on level 3 of the Dungeon.
You visited 1 branch of the dungeon, and saw 3 of its levels.

You collected 98 gold pieces.


Innate Abilities, Weirdness & Mutations

You are immune to sickness and miasma.
Your stone body is resilient. (AC +3)
You are immune to poison.
You resist negative energy. (rN+)
You are resistant to electric shocks. (rElec)
You are resistant to unholy torment.
You are immune to petrification.


   Skills:
 - Level 2.0 Fighting
 + Level 3.7 Ranged Weapons
 - Level 1.5 Dodging
 - Level 1.0 Spellcasting
 - Level 2.6 Hexes


You had 3 spell levels left.
You knew the following spells:

 Your Spells              Type           Power      Damage    Failure   Level
a - Slow                  Hex            28%        N/A       22%         1

Your spell library contained the following spells:

 Spells                   Type           Power      Damage    Failure   Level
 Inner Flame              Hex/Fire       4%         N/A       75%         3
 Portal Projectile        Hex/Tloc       8%         N/A       75%         3
 Cause Fear               Hex            3%         N/A       92%         4

Inventory:

Hand Weapons
 Y - a +1 sling (weapon)
Armour
 e - a +0 ring mail (worn)
Jewellery
 k - an amulet of faith (around neck)
Scrolls
 d - a scroll of identify
Potions
 a - a potion of brilliance {unknown}
 c - a potion of degeneration {unknown}
 f - a potion of resistance
 i - 2 potions of curing
 j - 2 potions of might

Dungeon Overview and Level Annotations

Branches:
Dungeon (3/15)

Altars:

Annotations:
D:3 Natasha


Message History

You shoot a sling bullet. The sling bullet barely misses Natasha.
Natasha claws you. The cerulean imp closely misses you.
A ball python comes into view.
Natasha closely misses you. The cerulean imp barely misses you.
You shoot a sling bullet. The ball python hisses angrily.
The sling bullet hits Natasha!
Natasha is severely wounded.
Natasha mumbles some strange words.
Natasha shimmers violently.
Natasha closely misses you. The cerulean imp closely misses you.
Natasha casts a spell at you. The magic dart hits you!
The cerulean imp hits you with a +1 spear.
You shoot a sling bullet. The sling bullet hits Natasha.
Natasha is almost dead.
Natasha closely misses you.
The cerulean imp hits you with a +1 spear.
Natasha casts a spell at you.
The magic dart hits you but does no damage.
The cerulean imp hits you but does no damage.
You shoot a sling bullet.
The sling bullet closely misses Natasha.
Natasha closely misses you.
The cerulean imp hits you but does no damage.
The ball python barely misses you. The ball python grabs you.
The ball python constricts you.
Natasha mumbles some strange words.
Natasha shimmers violently.
Natasha mumbles some strange words.
The cerulean imp hits you with a +1 spear.
The ball python barely misses you. The ball python constricts you.
You shoot a sling bullet.
The sling bullet closely misses the ball python.
Natasha claws you but does no damage.
The ball python bites you but does no damage.
The ball python constricts you.
The cerulean imp hits you with a +1 spear.
The cerulean imp hits you with a +0 spear.
You die...

##..#...#..#
#..........#
#......$...#
#..........#
........>..#
...........#
.......S...#
#5@5#
######.h.##
#......<..#
(.#####.#.#
#.#.# #....
... ..
....... ....
<..


You could see Natasha (resistant), 2 cerulean imps and a ball python.

Vanquished Creatures
  2 adders (D:2)
  A dart slug (D:1)
  2 endoplasms (D:1)
  4 goblins
  5 hobgoblins
  3 jackals (D:2)
  4 kobolds
  3 ball pythons
  A bat (D:2)
  2 frilled lizards (D:1)
  6 rats
33 creatures vanquished.

Notes
Turn   | Place    | Note
-------+----------+-------------------------------------------
     0 | D:1      | qw the Gargoyle Hexslinger began the quest for the Orb.
     0 | D:1      | Reached XP level 1. HP: 12/12 MP: 2/2
     0 | D:1      | 0 ||| qw: Version: 0.3-a-52-g30416fa
     0 | D:1      | 0 ||| qw: Game counter: 5842
     0 | D:1      | 0 ||| qw: Melee chars always use a shield: true
     0 | D:1      | 0 ||| qw: God list: Okawaru
     0 | D:1      | 0 ||| qw: Allow faded altars: false
     0 | D:1      | 0 ||| qw: Do Orc after clearing Dungeon:15 true
     0 | D:1      | 0 ||| qw: Do second Lair branch before Depths: true
     0 | D:1      | 0 ||| qw: Lair rune preference: random
     0 | D:1      | 0 ||| qw: Goals: Normal
     0 | D:1      | 0 ||| PLANNING D:1-11
   176 | D:1      | 176 ||| FLEEEEING.
   183 | D:1      | Reached XP level 2. HP: 16/16 MP: 3/3
   449 | D:1      | Reached skill level 3 in Ranged Weapons
   635 | D:1      | 635 ||| UPGRADING to +0 ring mail.
   645 | D:1      | 645 ||| DROPPING +0 robe.
   646 | D:1      | 646 ||| UPGRADING to amulet of faith.
   651 | D:1      | 651 ||| DROPPING ring of flight.
   652 | D:1      | 652 ||| READING scroll labelled IWKARI ESAC.
   653 | D:1      | 653 ||| READING scroll labelled GAOFEI OMYTTA PELL.
   654 | D:1      | 654 ||| DRINKING 2 viscous clear potions.
   655 | D:1      | 655 ||| DROPPING scroll of poison.
   884 | D:2      | Reached XP level 3. HP: 20/21 MP: 4/4
  1401 | D:2      | 1401 ||| READING scroll labelled UGGAYST AMOPIT.
  1446 | D:3      | Noticed Natasha
  1455 | D:3      | HP: 3/21 [cerulean imp/+1 spear[Natasha] (3)]
  1456 | D:3      | HP: 1/21 [cerulean imp/+1 spear[Natasha] (3)]
  1456 | D:3      | Slain by a cerulean imp

Levels and vault maps discovered:
D:1:      matt_arrival_grand_opening, layout_loops_ring
D:2:      layout_loops_ring
D:3:      layout_rooms, uniq_natasha

Skill      XL: |  1  2 |
---------------+-------+-----
Ranged Weapons | 3 |  3.7
Fighting       | 2 |  2.0
Dodging        | |  1.5
Spellcasting   | |  1.0
Hexes          | |  2.6

Action                     || total
---------------------------++-------
   Fire: Sling             ||   116
    Use: Scroll            ||     3
         Potion            ||     1
 Armour: Robe              ||     1
         Ring mail         ||    30
  Dodge: Dodged            ||    47

Table legend:
 A = Non-vault XP
 B = Vault XP
 C = Vault XP percentage of total XP
 D = Non-vault monster count
 E = Vault monster count
 F = Vault count percentage of total count
                 A         B        C        D         E       F
            +---------+---------+-------+---------+---------+-------
      Total |      76 |       0 |   0.0 |      33 |       0 |   0.0
            +---------+---------+-------+---------+---------+-------
        D:1 |      24 |       0 |   0.0 |      15 |       0 |   0.0
        D:2 |      52 |       0 |   0.0 |      18 |       0 |   0.0
            +---------+---------+-------+---------+---------+-------
